 Dungeon Sprint DCSS version 0.29-a0-96-g93358da72b (webtiles) character file.

Game seed: 3370943169013093095

6 cyrus the Skirmisher (level 5, -1/55 HPs)
             Began as a Naga Fighter on Feb 11, 2022.
             Was an Initiate of Yredelemnul.
             Slain by Blork the orc (7 damage)
             ... in the Dungeon (Sprint VI: "Thunderdome").
             The game lasted 00:01:32 (166 turns).

cyrus the Skirmisher (Naga Fighter)                  Turns: 166, Time: 00:01:32

Health: -1/55      AC:  6    Str: 21    XL:     5   Next: 27%
Magic:  5/5        EV:  7    Int:  8    God:    Yredelemnul [......]
Gold:   10         SH:  4    Dex: 10    Spells: 4/4 levels left

rFire   . . .      SeeInvis +   a - +0 trident
rCold   . . .      Faith    .   c - +0 buckler
rNeg    . . .      Spirit   .   b - +0 scale mail
rPois   +          Reflect  .   (no helmet)
rElec   .          Harm     .   (no cloak)
rCorr   .          Rampage  .   (no gloves)
Will    .....      NoTele   +   (no barding)
Stlth   ..........              (no amulet)
HPRegen 0.18/turn               (no ring)
MPRegen 0.09/turn               (no ring)

@: very slow
A: AC +1, large, see invisible, deformed body, poison resistance, slowness 2,
spit poison 1, naga tail 1
a: Spit Poison, Renounce Religion, Recall Undead Harvest


You were in the Dungeon.
You worshipped Yredelemnul.
Yredelemnul was noncommittal.
You visited 1 branch You collected 10 gold pieces.

Inventory:

Hand Weapons
 a - a +0 trident (weapon)
Armour
 b - a +0 scale mail (worn)
 c - a +0 buckler (worn)
Potions
 g - a potion of haste
 h - 2 potions of magic


   Skills:
 + Level 6.1 Fighting
 + Level 4.6 Polearms
 + Level 5.1 Armour
 + Level 4.9 Shields


You had 4 spell levels left.
You didn't know any spells.
Your spell library was empty.

Dungeon Overview and Level Annotations

Branches:
Dungeon (1/1)

Altars:
Cheibriados
Dithmenos
Kikubaaqudgha
Okawaru
Qazlal
Ru
Sif Muna
Trog
Uskayaw
Vehumet
Wu Jian
Xom
Yredelemnul
Zin
Lugonu

Shops:
D *[??*?:(

Annotations:
D Blork the orc


Innate Abilities, Weirdness & Mutations

Your serpentine skin is tough. (AC +1)
You have supernaturally acute eyesight. (SInv)
Armour fits poorly on your strangely shaped body.
Your system is resistant to poisons. (rPois)
You cover ground very slowly.
You can spit poison.
You have a snake-like lower body.


Message History

Things that are here:
a +0 dagger; a +0 robe
Found a sacrificial altar of Ru.
Found an iron altar of Okawaru.
Found a shadowy altar of Dithmenos.
There is a basalt altar of Yredelemnul here.
You coil in front of the altar of Yredelemnul.
Yredelemnul welcomes you!
You can now reap souls.
You can now recall your undead harvest.
You start resting.
Blork the orc comes into view.
He is wielding a +2 flail of protection.
Blork the orc is nearby!
Blork the orc shouts!
You feel better.
Blork the orc points at you and mumbles some strange words.
The magic dart hits you.
Blink to where?
Press: ? - help, Q - select action, (/) - cycle Dir - move target
As you read the scroll of blinking, it crumbles to dust.
Blork the orc hits you with a +2 flail of protection!
You hit Blork the orc.
Blork the orc is lightly wounded.
An orc warrior comes into view. It is wielding a +0 hand axe.
Blork the orc hits you with a +2 flail of protection.
* * * LOW HITPOINT WARNING * * *
The orc warrior shouts!
You hit Blork the orc.
Blork the orc is moderately wounded.
Blork the orc hits you but does no damage.
You hit Blork the orc.
Blork the orc is moderately wounded.
Blork the orc hits you with a +2 flail of protection!
* * * LOW HITPOINT WARNING * * *
Your magic is already full.
Unknown command.
You hit Blork the orc but do no damage.
Blork the orc is moderately wounded.
Blork the orc hits you with a +2 flail of protection!
You die...
Your body rises from the dead as a mindless zombie.

##.....## ##∩.....∩##
#∩.......∩# #_......._#
#_........# #........_#
###.........###
#⌠....)......⌠#
######.8..@o.....8.#
##.___......###......___
###∩........8.# #.8........
#.........o...###..........
⌠..........###...###.......
⌠..........# #.<.# .......
⌠..........###...# .......
#........†....###.....
###∩........8.# .8...


You could see Blork the orc and an orc warrior.

Vanquished Creatures
  2 scorpions (D)
  An orc wizard (D)
  3 giant cockroaches (D)
6 creatures vanquished.

Notes
Turn   | Place    | Note
-------+----------+-------------------------------------------
     0 | D        | cyrus the Naga Fighter began the quest for the Orb.
     0 | D        | Reached XP level 1. HP: 21/21 MP: 1/1
     0 | D        | Found a hide-covered altar of Uskayaw.
     0 | D        | Found a corrupted altar of Lugonu.
     1 | D        | Found an ancient bone altar of Kikubaaqudgha.
     1 | D        | Found a stormy altar of Qazlal.
     2 | D        | Found a shimmering altar of Xom.
     3 | D        | Found Wiqeih's Identification Station.
     3 | D        | Found a bloodstained altar of Trog.
     3 | D        | Found a shimmering blue altar of Sif Muna.
     4 | D        | Found Rulichaytt's Advanced Armour.
     4 | D        | Found Wawogybi's Jewellery.
     4 | D        | Round 1.
     5 | D        | Noticed a scorpion
    16 | D        | Killed a scorpion
    16 | D        | HP: 1/21 [giant cockroach (1)]
    17 | D        | Reached skill level 5 in Fighting
    17 | D        | Reached XP level 2. HP: 2/32 MP: 2/2
    17 | D        | Reached XP level 3. HP: 2/39 MP: 3/3
    17 | D        | Reached XP level 4. HP: 3/46 MP: 4/4
    29 | D        | Found a snail-covered altar of Cheibriados.
    49 | D        | Found Yfai's Premium Goods.
    56 | D        | Noticed a scorpion
    63 | D        | Killed a scorpion
    64 | D        | Reached XP level 5. HP: 48/55 MP: 5/5
    98 | D        | Arena points: 6 (+6) [x1]
   107 | D        | Found a radiant altar of Vehumet.
   108 | D        | Found an ornate altar of the Wu Jian Council.
   109 | D        | Round 2.
   110 | D        | Found Joagha's Magic Scroll Shop.
   112 | D        | Found a basalt altar of Yredelemnul.
   112 | D        | Found a glowing silver altar of Zin.
   112 | D        | Found Comoqo Titu's Staff Store.
   113 | D        | Found Hesac's Magic Scroll Shop.
   113 | D        | Found Ockich's Must-Have Magic.
   135 | D        | Reached skill level 6 in Fighting
   135 | D        | Reached skill level 5 in Armour
   137 | D        | Found a sacrificial altar of Ru.
   138 | D        | Found an iron altar of Okawaru.
   139 | D        | Found a shadowy altar of Dithmenos.
   143 | D        | Became a worshipper of Yredelemnul the Dark
   157 | D        | Noticed Blork the orc
   163 | D        | Noticed an orc warrior
   166 | D        | Slain by Blork the orc

Illustrated notes

Levels and vault maps discovered:
D:        arena_sprint

Skill      XL: |  1  2  3  4  5 |
---------------+----------------+-----
Fighting       | 5 6 |  6.1
Polearms       | 3 4 |  4.6
Armour         | 4 5 |  5.1
Shields        | 4 |  4.9

Action                   |  1- 3 |  4- 6 || total
-------------------------+-------+-------++-------
Melee: Trident           |     9 |    33 ||    42
  Use: Potion            |     1 |     3 ||     4
       Scroll            |       |     1 ||     1
Armor: Scale mail        |     1 |     9 ||    10
Dodge: Dodged            |     5 |     6 ||    11
Block: Buckler           |     5 |     5 ||    10

Table legend: (Time is in decaauts)
 A = Elapsed time spent in this place.
 B = Non-inter-level travel time spent in this place.
 C = Inter-level travel time spent in this place.
 D = Time resting spent in this place.
 E = Time spent auto-exploring this place.
 F = Levels seen in this place.
 G = Mean time per level.
                   A        B        C        D        E       F      G
               +--------+--------+--------+--------+--------+-----+--------+
         Total |    200 |    198 |      2 |     62 |      0 |   1 |  200.0 |
       Dungeon |    200 |    198 |      2 |     62 |      0 |   1 |  200.0 |
               +--------+--------+--------+--------+--------+-----+--------+

Top non-repeatable levels by time:
       D: 200 daAuts
